 Dungeon Crawl Stone Soup version 0.20-a0-1122-gb7cbeb9 (webtiles) character file.

4331 JiminyMac the Cleaver (level 10, -14/91 HPs)
             Began as a Minotaur Berserker on May 14, 2017.
             Was a High Priest of Trog.
             Demolished by an orc warrior
             ... wielding a +0 war axe
              (19 damage)
             ... in a bailey.
             The game lasted 00:25:28 (6486 turns).

JiminyMac the Cleaver (Minotaur Berserker)          Turns: 6486, Time: 00:25:28

Health: -14/91     AC: 15    Str: 27    XL:     10   Next: 12%
Magic:  9/9        EV:  9    Int:  4    God:    Trog [*****.]
Gold:   413        SH:  0    Dex: 18    Spells: 9/9 levels left

rFire    . . .     SeeInvis .   F - +7 flail of Ixoss {flame, *Rage Str+3 Dex+5}
rCold    . . .     Gourm    .   (no shield)
rNeg     . . .     Faith    .   o - +0 plate armour
rPois    .         Spirit   .   (helmet restricted)
rElec    .         Reflect  .   q - +0 cloak
rCorr    .         Harm     +   (no gloves)
MR       ++...     Rnd*Rage +   (no boots)
Stlth    ..........             D - amulet of harm
Regen    1.3/turn               w - +2 ring of dexterity
MPRegen  0.2/turn               (no ring)

@: regenerating, slowed, very slow
A: retaliatory headbutt, horns 2
a: Berserk, Trog's Hand, Brothers in Arms, Burn Spellbooks, Renounce Religion


You were in a bailey.
You worshipped Trog.
Trog was extremely pleased with you.
You were near starving.

You visited 1 branch of the dungeon, and saw 8 of its levels.
You also visited: Bailey.

You collected 413 gold pieces.

Inventory:

Hand Weapons
 y - a +0 battleaxe
 C - a +1 war axe of venom
 F - the +7 flail of Ixoss (weapon) {flame, *Rage Str+3 Dex+5}
   (You found it on level 7 of the Dungeon)

   It has been specially enchanted to burn those struck by it, causing extra
   injury to most foes and up to half again as much damage against particularly
   susceptible opponents.
   It affects your strength (+3).
   It affects your dexterity (+5).
   It may make you go berserk in combat.
Missiles
 n - 8 tomahawks of returning (quivered)
Armour
 o - a +0 plate armour (worn)
 q - a +0 cloak (worn)
Jewellery
 e - a +5 ring of intelligence
 w - a +2 ring of dexterity (left hand)
 B - a +2 ring of intelligence
 D - an amulet of harm (around neck)
Wands
 k - a wand of paralysis (11/24)
 G - a wand of paralysis (8/24)
Scrolls
 a - 3 scrolls of magic mapping
 b - 2 scrolls of identify
 d - 2 scrolls of recharging {unknown}
 i - a scroll of blinking {unknown}
 j - 3 scrolls of fog
 m - a scroll of teleportation {unknown}
 v - a scroll of enchant armour {unknown}
 A - a scroll of amnesia {unknown}
Potions
 g - a potion of degeneration {unknown}
 h - a potion of resistance {unknown}
 l - 4 potions of flight
 p - a potion of agility {unknown}
 r - 4 potions of curing
 t - 2 potions of mutation {unknown}
 u - a potion of berserk rage {unknown}
 x - a potion of lignification {unknown}
 z - a potion of might {unknown}
 E - a potion of magic {unknown}
 H - a potion of invisibility {unknown}
Comestibles
 c - 6 bread rations
 f - 3 royal jellies
 s - a chunk of flesh


   Skills:
 + Level 9.5 Fighting
 - Level 11.6(12.0) Axes
 * Level 4.8(9.0) Maces & Flails
 + Level 9.3 Armour
 - Level 2.1 Dodging


You had 9 spell levels left.
You didn't know any spells.

Dungeon Overview and Level Annotations

Branches:
Dungeon (8/15)             Temple (0/1) D:5            Lair (0/6) D:8

Altars:
Elyvilon
Nemelex Xobeh
Trog
Xom

Shops:
D:4 }

Annotations:
D:3 1 runed door


Innate Abilities, Weirdness & Mutations

You reflexively headbutt those who attack you in melee.
You have a pair of horns on your head.


Message History

The orc knight hits you with a broad axe!
You hit the orc knight. You burn the orc knight.
The orc knight is lightly wounded.
The orc warrior hits you but does no damage.
The orc knight hits you but does no damage.
The orc warrior hits you with a war axe!!
* * * LOW HITPOINT WARNING * * *
The orc knight barely misses you. You furiously retaliate!
You headbutt the orc knight. You thump the orc knight! You burn the orc knight.
The orc knight is moderately wounded.
The orc warrior misses you. You furiously retaliate!
You headbutt the orc warrior, but do no damage.
The orc knight hits you with a broad axe.
* * * LOW HITPOINT WARNING * * *
Your skin crawls.
You feel resistant to hostile enchantments.
You are near starving!
The orc warrior hits you with a war axe!
You die...

#≈≈.......≈≈###
(≈≈.......≈≈((+
#≈≈.......≈≈###.#
+≈≈.......≈≈(.'.#
#≈≈.......≈≈###
(≈≈......?≈≈(.+
#≈≈......)≈≈###.#
(≈≈.......≈≈K.'^#
#≈≈....@..≈≈#####
##≈...oo..≈##
####'')####
#..... #∩?...}∩
#...8...#
##.....## ###'###
..


You could see an orc knight, an orc warrior and a kobold.

Vanquished Creatures
  An orc knight (Bailey)
  A hippogriff (D:7)
  A steam dragon (D:7)
  Edmund (D:6)
  Duvessa (D:7)
  3 orc warriors
  2 sky beasts (D:7)
  3 ice beasts
  A centaur (D:7)
  4 ogres
  A big kobold (D:7)
  Blork the orc (D:6)
  A gnoll sergeant (D:5)
  4 bullfrogs
  Dowan (D:7)
  A scorpion (D:7)
  3 wights (D:6)
  3 howler monkeys
  4 crimson imps
  3 hounds
  3 jellies
  7 orc wizards
  2 bullfrog skeletons (D:5)
  3 orc priests
  Natasha (D:3)
  8 worker ants
  A hound zombie (D:6)
  Robin (D:2)
  12 gnolls
  13 adders
  A shadow imp (D:6)
  3 worms
  7 dart slugs
  8 leopard geckos
  30 orcs
  3 ball pythons
  11 bats
  10 giant cockroaches
  22 goblins
  14 hobgoblins
  19 jackals
  20 kobolds
  3 frilled lizards
  3 quokka skeletons
  14 rats
259 creatures vanquished.

Notes
Turn   | Place    | Note
-------+----------+-------------------------------------------
     0 | D:1      | JiminyMac the Minotaur Berserker began the quest for the Orb.
     0 | D:1      | Reached XP level 1. HP: 19/19 MP: 0/0
    40 | D:1      | Reached skill level 4 in Axes
    45 | D:1      | Reached XP level 2. HP: 22/27 MP: 1/1
   426 | D:1      | Reached XP level 3. HP: 10/33 MP: 2/2
   635 | D:1      | Reached ** piety under Trog
  1566 | D:2      | Reached XP level 4. HP: 40/40 MP: 3/3
  1740 | D:2      | Noticed Robin
  1742 | D:2      | Reached skill level 5 in Axes
  1751 | D:2      | Reached *** piety under Trog
  1757 | D:2      | Killed Robin
  2018 | D:2      | Found a shimmering altar of Xom.
  2128 | D:3      | Reached XP level 5. HP: 40/47 MP: 4/4
  2183 | D:3      | Found a runed door.
  2184 | D:3      | Noticed an angel
  2204 | D:3      | Found a white marble altar of Elyvilon.
  2412 | D:3      | Noticed Natasha
  2491 | D:3      | Noticed a moth of wrath
  2494 | D:3      | Found a bloodstained altar of Trog.
  2504 | D:3      | Killed Natasha
  2527 | D:3      | Reached skill level 6 in Axes
  2881 | D:3      | Reached skill level 5 in Fighting
  2916 | D:4      | Reached XP level 6. HP: 55/56 MP: 5/5
  3113 | D:4      | Reached skill level 5 in Armour
  3119 | D:4      | Reached **** piety under Trog
  3223 | D:4      | Reached skill level 7 in Axes
  3323 | D:4      | Reached XP level 7. HP: 57/61 MP: 6/6
  3383 | D:4      | Found Hucwahot's Gadget Shoppe.
  3619 | D:5      | Entered Level 5 of the Dungeon
  3833 | D:5      | Reached skill level 8 in Axes
  4023 | D:5      | Reached XP level 8. HP: 59/71 MP: 7/7
  4112 | D:5      | Found a staircase to the Ecumenical Temple.
  4174 | D:5      | Reached skill level 9 in Axes
  4321 | D:5      | Reached ***** piety under Trog
  4551 | D:6      | Noticed Blork the orc
  4561 | D:6      | Killed Blork the orc
  4621 | D:6      | Reached skill level 10 in Axes
  4816 | D:6      | Found a sparkling altar of Nemelex Xobeh.
  4823 | D:6      | Noticed Edmund
  4835 | D:6      | Killed Edmund
  4835 | D:6      | Reached XP level 9. HP: 76/81 MP: 8/8
  4841 | D:6      | Received a gift from Trog
  5304 | D:7      | Reached skill level 11 in Axes
  5483 | D:7      | Noticed Dowan
  5484 | D:7      | Noticed Duvessa
  5493 | D:7      | Killed Duvessa
  5494 | D:7      | Killed Dowan
  5631 | D:7      | Got a brightly glowing flail
  5632 | D:7      | Identified the +7 flail of Ixoss {flame, *Rage Str+3 Dex+5} (You found it on level 7 of the Dungeon)
  5671 | D:7      | Reached skill level 1 in Maces & Flails
  6388 | D:8      | Found a flagged portal.
  6400 | Bailey   | Entered a bailey
  6457 | Bailey   | Noticed an orc knight
  6464 | Bailey   | Killed an orc knight
  6464 | Bailey   | Reached XP level 10. HP: 91/91 MP: 9/9
  6476 | Bailey   | Noticed an orc knight
  6485 | Bailey   | HP: 3/91 [orc knight/broad axe (4)]
  6486 | Bailey   | Demolished by an orc warrior

Vault maps used:
D:1:      nicolae_arrival_memento_mori
D:2:      lemuel_tele_altar, uniq_robin
D:3:      tgw_trog, lemuel_angel_altar, uniq_natasha
D:4:      serial_shops, shop
D:5:      temple_pool_b, first_bread
D:6:      basic_altar, uniq_edmund, uniq_blork_the_orc
D:7:      uniq_duvessa
D:8:      kennysheep_housing_project, erik_lair_orcish_takeover, enter_bailey_3
Bailey:   bailey_axe_3, bailey

Skill      XL: |  1  2  3  4  5  6  7  8  9 |
---------------+----------------------------+-----
Axes           | 4 5 6 7 8 10 11 | 11.6
Armour         | 3 4 5 6 7 9 |  9.3
Fighting       | 4 5 6 8 9 |  9.5
Maces & Flails | 4 |  4.8
Dodging        | |  2.1

Action                   |  1- 3 |  4- 6 |  7- 9 | 10-12 || total
-------------------------+-------+-------+-------+-------++-------
Melee: Hand axe          |    97 |   109 |       |       ||   206
       Headbutt          |     9 |    28 |    56 |     4 ||    97
       War axe           |       |    55 |   187 |       ||   242
       Battleaxe         |       |       |    47 |       ||    47
       Flail             |       |       |    42 |    10 ||    52
Throw: Tomahawk          |       |       |    24 |       ||    24
Invok: Berserk           |     2 |     6 |     9 |       ||    17
       Trog's Hand       |       |       |     1 |     1 ||     2
  Use: Scroll            |       |     4 |     5 |       ||     9
  Eat: Chunk             |     4 |    12 |    17 |       ||    33
Armor: Animal skin       |    24 |       |       |       ||    24
       Chain mail        |     3 |    31 |       |       ||    34
       Plate armour      |       |    82 |   219 |     3 ||   304
Dodge: Dodged            |    69 |    65 |   129 |     3 ||   266
